 Dungeon Crawl Stone Soup version 0.25-a0-277-g7046ed1b37 (webtiles) character file.

Game seed: 3578971885291051459, levelgen mode: deterministic

60 floatRand the Chopper (level 3, -1/27 HPs)
             Began as a Demonspawn Gladiator on Dec 9, 2019.
             Slain by a worm (11 damage)
             ... on level 2 of the Dungeon.
             The game lasted 00:01:44 (1781 turns).

floatRand the Chopper (Demonspawn Gladiator)        Turns: 1781, Time: 00:01:45

Health: -1/27      AC:  4    Str: 14    XL:     3   Next: 80%
Magic:  12/12      EV: 12    Int:  9    God:
Gold:   114        SH:  0    Dex: 15    Spells: 2/2 levels left

rFire    . . .     SeeInvis .   a - +0 war axe
rCold    . . .     Gourm    .   (no shield)
rNeg     . . .     Faith    .   b - +0 leather armour
rPois    .         Spirit   .   (helmet restricted)
rElec    .         Reflect  .   (no cloak)
rCorr    .         Harm     .   l - +0 pair of gloves
MR       .....                  (no boots)
Stlth    ++........             (no amulet)
HPRegen  0.09/turn              e - ring of magical power
MPRegen  0.13/turn              (no ring)

@: no status effects
A: antennae 1, rot immunity
a: no special abilities


You were on level 2 of the Dungeon.
You were not hungry.

You visited 1 branch of the dungeon, and saw 2 of its levels.

You collected 114 gold pieces.

Inventory:

Hand Weapons
 a - a +0 war axe (weapon)
Missiles
 d - 3 throwing nets (quivered)
Armour
 b - a +0 leather armour (worn)
 c - a +0 helmet
 l - a +0 pair of gloves (worn)
Jewellery
 e - a ring of magical power (left hand)
Scrolls
 h - 2 scrolls of remove curse {unknown}
 j - 2 scrolls of enchant weapon {unknown}
Potions
 k - a potion of haste
 o - a potion of degeneration {unknown}
 p - a potion of curing {unknown}
Comestibles
 f - 2 rations


   Skills:
 - Level 2.0 Fighting
 + Level 3.3 Axes
 - Level 1.7 Throwing
 + Level 1.6 Armour
 - Level 2.6 Dodging
 + Level 1.9 Stealth


You had 2 spell levels left.
You didn't know any spells.
Your spell library contained the following spells:

 Spells                   Type           Power        Failure   Level  Hunger
 Animate Skeleton         Necr           N/A          45%         1    ##.....
 Apportation              Tloc           #.....       45%         1    ##.....
 Confusing Touch          Hex            #.....       45%         1    ##.....
 Summon Small Mammal      Summ           #...         45%         1    ##.....


Dungeon Overview and Level Annotations

Branches:
Dungeon (2/15)

Altars:


Innate Abilities, Weirdness & Mutations

You have a pair of small antennae on your head.
You are immune to rotting.


Message History

The worm is moderately wounded.
The worm misses you.
You hit the worm.
The worm is heavily wounded.
You hit the worm but do no damage.
The worm is heavily wounded.
The worm bites you!
You barely miss the worm.
The worm is moderately wounded.
The worm closely misses you.
Unknown command.
You are too injured to fight recklessly!
You hit the worm.
The worm is severely wounded.
The worm barely misses you.
You are too injured to fight recklessly!
You hit the worm.
The worm is severely wounded.
The worm bites you!
You die...

#.# ###.## #.# #.....
#.# #.#.## ### #.# #.#.#
...#.# ###.#.##
#.#.###.......
#..........)..
.############.###.#.##.#
......w@).........#.# .#
#########.#########.# .#
#.# #.# #.# #.. #.. ##
##. .. ..


You could see a worm.

Vanquished Creatures
  2 adders
  An ooze (D:1)
  3 worms (D:2)
  2 leopard geckos
  A bat (D:2)
  A giant cockroach (D:1)
  3 goblins
  2 hobgoblins (D:1)
  6 kobolds
  A quokka (D:2)
  3 frilled lizards (D:2)
  4 rats
29 creatures vanquished.

Notes
Turn   | Place    | Note
-------+----------+-------------------------------------------
     0 | D:1      | floatRand the Demonspawn Gladiator began the quest for the
                  | Orb.
     0 | D:1      | Reached XP level 1. HP: 16/16 MP: 1/1
    43 | D:1      | Gained mutation: You have a pair of small antennae on your
                  | head. [demonic ancestry]
    43 | D:1      | Reached XP level 2. HP: 11/22 MP: 2/2
   353 | D:1      | Reached skill level 1 in Stealth
   355 | D:1      | Reached skill level 3 in Axes
   715 | D:1      | Reached skill level 1 in Armour
   780 | D:1      | Gained mutation: You are immune to rotting. [demonic
                  | ancestry]
   780 | D:1      | Reached XP level 3. HP: 3/27 MP: 3/3
   790 | D:1      | HP: 1/27 [poisoned by an adder]
  1320 | D:2      | HP: 2/40 [poisoned by an adder]
  1781 | D:2      | Slain by a worm

Levels and vault maps discovered:
D:1:      ncdulo_smallfort, layout_rooms
D:2:      layout_loops_ring

Skill      XL: |  1  2 |
---------------+-------+-----
Stealth        | 1 |  1.9
Axes           | 3 |  3.3
Armour         | 1 |  1.6
Fighting       | |  2.0
Throwing       | |  1.7
Dodging        | |  2.6

Action                   || total
-------------------------++-------
Melee: War axe           ||   109
  Use: Potion            ||     4
 Stab: Sleeping          ||     2
  Eat: Chunk             ||     3
Armor: Leather armour    ||    23
       Skin              ||    10
Dodge: Dodged            ||    70

Table legend:
 A = Non-vault XP
 B = Vault XP
 C = Vault XP percentage of total XP
 D = Non-vault monster count
 E = Vault monster count
 F = Vault count percentage of total count
                 A         B        C        D         E       F
            +---------+---------+-------+---------+---------+-------
      Total |      86 |       0 |   0.0 |      29 |       0 |   0.0
            +---------+---------+-------+---------+---------+-------
        D:1 |      42 |       0 |   0.0 |      15 |       0 |   0.0
        D:2 |      44 |       0 |   0.0 |      14 |       0 |   0.0
            +---------+---------+-------+---------+---------+-------
